Map: 宿怨战场-天梯版

Players

SpeCial

  • Race: Terran Terran

Scarlett - Winner!

  • Race: Zerg Zerg
  • League: Diamond

Event: WESG 2018 Grand Finals

VOD

Have the link to the VOD?

Description

Time

  • Played on: March 13, 2019, 5:36 a.m.
  • Length: 8:06

All games in this series

Show
View Real Time Build Order
Export as new Build Order

SpeCial Terran 

Build Orders: Gas First Reaper Expand, Hellion Banshee 

Get SALT Encoding   

  12  0:00  SCV  
  13  0:13  SCV  
  14  0:17  Supply Depot  
  14  0:25  SCV  
  14  0:27  Refinery  
  15  0:39  SCV  
  16  0:45  Barracks  
  16  0:51  SCV  
  17  1:03  SCV  
  18  1:15  SCV  
  19  1:32  Reaper, Orbital Command  
  20  1:42  Command Center  
  20  1:53  Factory  
  20  1:58  SCV  
  21  2:06  Barracks Reactor  
  21  2:10  SCV  
  21  2:14  Supply Depot  
  22  2:16  Refinery  
  22  2:22  SCV  
  23  2:35  SCV  
  24  2:42  Starport  
  24  2:46  Hellion x2  
  24  2:48  Marine  
  24  2:50  SCV  
  30  2:55  Orbital Command  
  30  3:02  SCV  
  31  3:07  Hellion  
  31  3:09  Hellion  
  35  3:14  Marine  
  35  3:16  SCV  
  35  3:19  Starport Tech Lab  
  37  3:24  SCV  
  37  3:27  Supply Depot  
  38  3:28  SCV  
  39  3:36  SCV  
  39  3:38  Cloaking Field  
  39  3:40  Banshee, SCV  
  44  3:45  Hellion  
  46  3:49  Hellion  
  48  3:57  SCV x2  
  49  4:09  SCV x2  
  47  4:15  Command Center  
  43  4:20  Hellion  
  43  4:21  Hellion, SCV  
  43  4:22  SCV  
  49  4:28  Banshee  
  49  4:29  Supply Depot  
  52  4:35  Supply Depot, SCV x2  
  54  4:44  Armory  
  54  4:51  Hellion x2, SCV x2  
  60  5:01  Refinery  
  60  5:02  Refinery  
  60  5:03  SCV x2  
  69  5:15  SCV  
  69  5:17  Barracks Tech Lab  
  69  5:19  Supply Depot  
  66  5:27  SCV, Factory Reactor  
  65  5:29  Barracks  
  65  5:31  Barracks  
  65  5:33  Engineering Bay x2, SCV  
  65  5:34  Orbital Command  
  65  5:36  Marine  
  65  5:37  Stimpack, Starport Reactor  
  65  5:40  Siege Tank  
  65  5:42  SCV  
  70  5:51  SCV  
  70  5:53  Supply Depot  
  70  5:54  Marine, SCV  
  73  6:03  SCV  
  72  6:05  Barracks x2  
  68  6:12  SCV  
  68  6:14  SCV  
  68  6:17  Siege Tank  
  74  6:20  Orbital Command  
  74  6:25  Marine x3  
  74  6:26  Marine  
  74  6:27  Marauder  
  74  6:30  SCV x2  
  74  6:31  Starport Reactor  
  74  6:32  Supply Depot  
  81  6:33  Supply Depot  
  81  6:35  Supply Depot  
  81  6:42  SCV  
  81  6:43  Marine x4, SCV  
  81  6:46  SCV  
  88  6:48  Marauder  
  88  6:52  Siege Tank  
  93  6:55  SCV x2  
  93  6:56  Barracks Tech Lab  
  93  6:57  Barracks Reactor  
  93  6:58  SCV  
  93  7:01  Marine x2  
  96  7:03  Supply Depot  
  96  7:04  Supply Depot  
  96  7:07  Marine, SCV x2  
  101  7:09  Marauder  
  92  7:17  Marauder, Marine  
  92  7:19  Medivac, Marine  
  86  7:24  Marine  
  86  7:25  Marine  
  86  7:26  SCV x2  
  86  7:28  SCV  
  75  7:31  Marauder  
  75  7:35  Marine  
  75  7:36  Marine  
  71  7:38  Marauder, Marine  
  63  7:46  Marine x3  
Show
View Real Time Build Order
Export as new Build Order

Scarlett Zerg - Winner!

Build Orders: Hatch First 

Get SALT Encoding   

  12  0:00  Drone  
  13  0:12  Overlord  
  13  0:17  Drone  
  14  0:30  Drone x2  
  16  0:47  Hatchery  
  15  0:51  Drone  
  15  0:55  Drone  
  17  0:58  Drone  
  18  1:09  Extractor  
  17  1:13  Spawning Pool  
  17  1:16  Drone  
  17  1:20  Drone  
  18  1:28  Drone  
  19  1:39  Drone  
  20  1:49  Drone  
  21  1:59  Queen  
  21  2:00  Queen  
  21  2:01  Zergling x4  
  27  2:15  Hatchery  
  27  2:19  Overlord  
  27  2:22  Drone  
  27  2:25  Drone  
  28  2:32  Metabolic Boost  
  28  2:38  Drone  
  28  2:39  Drone x2  
  31  2:45  Overlord  
  31  2:46  Drone  
  32  2:53  Queen  
  32  2:55  Drone  
  35  3:02  Drone  
  36  3:11  Drone  
  36  3:12  Drone x4  
  41  3:16  Drone  
  41  3:17  Queen  
  44  3:22  Overlord  
  44  3:29  Drone  
  44  3:30  Queen  
  44  3:32  Zergling x2  
  44  3:33  Zergling x2  
  49  3:42  Zergling x6  
  49  3:46  Overlord  
  52  3:50  Drone x4  
  52  4:08  Drone x7  
  57  4:11  Spore Crawler  
  57  4:16  Spore Crawler  
  54  4:18  Zergling x6  
  57  4:24  Overlord  
  57  4:29  Lair  
  57  4:30  Roach Warren, Extractor  
  57  4:31  Drone x2  
  57  4:35  Overlord  
  57  4:42  Overlord  
  57  4:43  Drone x5  
  62  4:46  Drone x2  
  62  4:47  Evolution Chamber  
  62  4:48  Drone  
  62  4:50  Spore Crawler  
  63  4:57  Drone x3  
  66  5:05  Extractor  
  66  5:06  Extractor  
  63  5:09  Drone x5  
  68  5:14  Drone  
  68  5:15  Zerg Ground Armor Level 1  
  68  5:16  Drone x2  
  68  5:17  Drone x5  
  76  5:22  Overlord  
  76  5:27  Queen, Extractor  
  77  5:28  Drone x2  
  77  5:31  Glial Reconstitution  
  77  5:35  Drone  
  80  5:36  Drone  
  80  5:37  Drone  
  80  5:39  Overseer  
  80  5:41  Overlord  
  82  5:43  Overlord x3  
  82  5:46  Overlord  
  82  5:48  Roach  
  84  5:52  Roach x2  
  84  5:57  Roach  
  88  6:06  Roach x8  
  102  6:12  Overseer  
  102  6:14  Nydus Network  
  102  6:17  Drone x3  
  101  6:19  Roach x2  
  101  6:22  Queen  
  107  6:28  Roach  
  107  6:29  Roach x3  
  115  6:36  Roach  
  115  6:37  Roach x3  
  123  6:41  Roach x3  
  123  6:46  Overlord x2  
  129  6:54  Nydus Canal  
  129  7:02  Overlord  
  129  7:06  Roach x8  
  145  7:12  Nydus Canal  
  136  7:18  Roach x6  
  136  7:22  Nydus Canal  
  136  7:26  Roach x2  
  132  7:30  Roach  
  132  7:31  Roach x2  
  132  7:37  Nydus Canal  
  132  7:39  Roach x2  
  132  7:40  Roach  
  128  7:46  Roach x3  
  122  7:54  Nydus Canal  
  128  7:59  Extractor  
Tags
 
Add a new tag
Caveats
  • Supply blocks, unpowered buildings, or Contaminate may cause inaccurate times.
  • Supply counts are checked every 10 seconds.